 Dungeon Crawl Stone Soup version 0.26.1-11-gd32895ea62 (webtiles) character file.

Game seed: 3619607792161825725

56 Zeld the Skirmisher (level 3, -3/26 HPs)
             Began as an Octopode Fighter on May 17, 2021.
             Slain by an orc priest (6 damage)
             ... on level 3 of the Dungeon.
             The game lasted 00:02:23 (1807 turns).

Zeld the Skirmisher (Octopode Fighter)              Turns: 1807, Time: 00:02:23

Health: -3/26      AC:  1    Str: 16    XL:     3   Next: 95%
Magic:  3/3        EV: 11    Int: 10    God:
Gold:   118        SH:  8    Dex: 11    Spells: 2/2 levels left

rFire    . . .     SeeInvis .   a - +0 war axe
rCold    . . .     Faith    .   b - +0 kite shield
rNeg     . . .     Spirit   .   p - +0 hat
rPois    .         Reflect  .   (no amulet)
rElec    .         Harm     .   (no ring)
rCorr    .         Rampage  .   (no ring)
Will     .....                  (no ring)
Stlth    ++........             (no ring)
HPRegen  0.08/turn              (no ring)
MPRegen  0.08/turn              (no ring)
                                (no ring)
                                (no ring)

@: no status effects
A: almost no armour, stealthy swim, amphibious, 8 rings, constrict 8, camouflage
1, gelatinous body 1
a: no special abilities


You were on level 3 of the Dungeon.
You visited 1 branch of the dungeon, and saw 3 of its levels.

You collected 118 gold pieces.

Inventory:

Hand Weapons
 a - a +0 war axe (weapon)
Missiles
 h - 4 atropa-tipped darts (quivered)
 i - 8 boomerangs
Armour
 b - a +0 kite shield (worn)
 p - a +0 hat (worn)
Scrolls
 f - 5 scrolls of identify {unknown}
 g - a scroll of teleportation {unknown}
 l - a scroll of random uselessness {unknown}
 m - 2 scrolls of enchant weapon {unknown}
 n - a scroll of fog {unknown}
 q - a scroll of remove curse {unknown}
 s - a scroll of magic mapping {unknown}
Potions
 c - 4 potions of might
 d - a potion of resistance {unknown}
 e - a potion of degeneration {unknown}
 j - 2 potions of heal wounds {unknown}
 k - 2 potions of curing {unknown}
 o - a potion of berserk rage {unknown}
 r - a potion of haste {unknown}


   Skills:
 - Level 3.2 Fighting
 * Level 3.0 Axes
 * Level 1.6 Throwing
 - Level 3.0 Dodging
 - Level 3.2 Shields


You had 2 spell levels left.
You didn't know any spells.
Your spell library was empty.

Dungeon Overview and Level Annotations

Branches:
Dungeon (3/15)

Altars:
Kikubaaqudgha


Innate Abilities, Weirdness & Mutations

You cannot wear most types of armour.
You are very stealthy in the water. (Stealth+)
You are amphibious.
You can wear up to eight rings at the same time.
You can use your tentacles to constrict eight enemies at once.
Your skin changes colour to match your surroundings (Stealth+).
Your rubbery body absorbs attacks. (AC +1, EV +1)


Message History

You slash the orc!
You kill the orc!
You block the orc's attack.
You closely miss the orc. Your grab misses the orc. The orc misses you.
You slash the orc!
You kill the orc!
The orc priest mumbles some strange prayers to Beogh against you.
Beogh smites you!
Ouch! That really hurt!
* * * LOW HITPOINT WARNING * * *
You are too injured to fight recklessly!
The orc priest closely misses you.
Items here: ) [ ††.
You are too injured to fight recklessly!
You are too injured to fight recklessly!
You hit the orc priest but do no damage.
Your grab misses the orc priest. The orc priest misses you.
You closely miss the orc priest. Your grab misses the orc priest.
The orc priest hits you.
You die...

#.# #.# ## #.#
#.## #.# #...##
#.####.....#
#...oo......
#o....o....#
#o#####...##
#@# ## #.# #.#
##.##
#...########
#...........
#.#
#...########
##.#########.##
o............#


You could see an orc priest and an orc.

Vanquished Creatures
  A white imp (D:2)
  An ooze (D:1)
  2 worms (D:2)
  3 dart slugs
  A leopard gecko (D:3)
  2 orcs (D:3)
  A ball python (D:3)
  A giant cockroach (D:3)
  4 hobgoblins (D:2)
  5 bats
  A frilled lizard (D:2)
  4 kobolds
  4 rats
30 creatures vanquished.

Vanquished Creatures (others)
  2 plants (D:2)
  A withered plant (D:2)
3 creatures vanquished.

Grand Total: 33 creatures vanquished

Notes
Turn   | Place    | Note
-------+----------+-------------------------------------------
     0 | D:1      | Zeld the Octopode Fighter began the quest for the Orb.
     0 | D:1      | Reached XP level 1. HP: 16/16 MP: 1/1
   155 | D:1      | Reached XP level 2. HP: 14/21 MP: 2/2
   711 | D:2      | Found an ancient bone altar of Kikubaaqudgha.
   754 | D:2      | Reached XP level 3. HP: 7/26 MP: 3/3
   875 | D:2      | Reached skill level 1 in Throwing
  1807 | D:3      | Slain by an orc priest

Illustrated notes

Levels and vault maps discovered:
D:1:      minmay_arrival_cross, layout_rooms, serial_aquarium,
          aquarium_bridge_square [aquarium_subvault_bridge,
          aquarium_subvault_wall, aquarium_subvault_balcony,
          aquarium_subvault_balcony], aquarium_bridge_long_joined
          [aquarium_subvault_bridge, aquarium_subvault_bridge,
          aquarium_subvault_wall, aquarium_subvault_window,
          aquarium_subvault_window, aquarium_subvault_bridge],
          aquarium_window_fake, aquarium_window_3, aquarium_view_2c,
          aquarium_view_2d, aquarium_pool_1
D:2:      wad_lake_hut, layout_loops_ring, kiku_gazebo_garden_becter
D:3:      layout_loops_ring, ashenzari_altar_1

Skill      XL: |  1  2  3 |
---------------+----------+-----
Throwing       | 1 |  1.6
Axes           | 3 |  3.0
Fighting       | |  3.2
Dodging        | |  3.0
Shields        | |  3.2

Action                   || total
-------------------------++-------
Melee: War axe           ||    52
       Constrict         ||    17
       Tentacles         ||     9
 Stab: Sleeping          ||     9
Armor: Skin              ||     3
Dodge: Dodged            ||    30
Block: Kite shield       ||    16
